 Dungeon Crawl Stone Soup version 0.17-a0-1133-gfb1399f (webtiles) character file.

137 talyn the Chiller (level 5, -4/42 HPs)
             Began as a Naga Ice Elementalist on May 25, 2015.
             Was an Initiate of Okawaru.
             Slain by a killer bee zombie (8 damage)
             ... on level 3 of the Dungeon.
             The game lasted 00:09:41 (1777 turns).

talyn the Chiller (Naga Ice Elementalist)           Turns: 1777, Time: 00:09:42

Health: -4/42      AC:  5    Str: 11    XL:     5   Next: 20%
Magic:  1/10       EV: 10    Int: 16    God:    Okawaru [......]
Gold:   125        SH:  0    Dex: 11    Spells: 3 memorised, 4 levels left

rFire  . . .     SeeInvis +     m - +0 whip (distort)
rCold  . . .     Clarity  .     a - +0 robe
rNeg   . . .     SustAt   .     (no shield)
rPois  +         Gourm    .     q - +2 hat
rElec  .         Spirit   .     (no cloak)
rCorr  .         Warding  .     d - +0 pair of gloves
rMut   .         Stasis   .     (no barding)
MR     .....                    (no amulet)
Stlth  +++.......               (no ring)
                                e - ring of stealth

@: very slightly contaminated, very slow, not resistant to hostile enchantments,
fairly stealthy
A: see invisible, deformed body, poison resistance, slowness 2, slow metabolism
1, spit poison 2, AC +1
a: Spit Poison, Renounce Religion


You were on level 3 of the Dungeon.
You worshipped Okawaru.
Okawaru was noncommittal.
You were not hungry.

You visited 1 branch of the dungeon, and saw 3 of its levels.

You collected 125 gold pieces.

Inventory:

Hand weapons
 m - a +0 whip of distortion (weapon)
Missiles
 n - 4 javelins (quivered)
Armour
 a - a +0 robe (worn)
 d - a +0 pair of gloves (worn)
 q - a +2 hat (worn)
Jewellery
 e - a ring of stealth (left hand)
Magical devices
 r - a wand of flame (13)
Scrolls
 c - a scroll of random uselessness {unknown}
 g - a scroll of identify
 h - 3 scrolls of remove curse
Potions
 i - 2 potions of invisibility
 j - 2 potions of brilliance
 k - a potion of flight {unknown}
 p - 3 potions of magic {unknown}
Books
 b - a book of Frost

   Spells                             Type                      Level
   a - Freeze                         Ice                          1
   b - Throw Frost                    Conjuration/Ice              2
   c - Ozocubu's Armour               Charms/Ice                   3
   d - Throw Icicle                   Conjuration/Ice              4
   e - Summon Ice Beast               Ice/Summoning                4
   f - Condensation Shield            Ice                          4
Comestibles
 f - a beef jerky
 l - a meat ration
 o - 3 fruits


   Skills:
 - Level 1.5 Dodging
 - Level 3.0 Stealth
 + Level 3.4 Spellcasting
 - Level 1.0 Conjurations
 + Level 1.2 Charms
 + Level 4.4 Ice Magic


You had 4 spell levels left.
You knew the following spells:

 Your Spells              Type           Power        Failure   Level  Hunger
a - Freeze                Ice            ###.         3%          1    None
b - Throw Frost           Conj/Ice       ##....       10%         2    ##.....
c - Ozocubu's Armour      Chrm/Ice       ##......     17%         3    ###....


Dungeon Overview and Level Annotations

Branches:
Dungeon (3/15)

Altars:
Ashenzari
Cheibriados
Kikubaaqudgha
Okawaru
Trog


Innate Abilities, Weirdness & Mutations

You cannot wear boots.
Your serpentine skin is tough (AC +1).
You have supernaturally acute eyesight.
Armour fits poorly on your strangely shaped body.
Your system is resistant to poisons.
You cover ground very slowly.
You have a slow metabolism.
You can spit poison.


Message History

Okawaru accepts your kill.
* * * LOW MAGIC WARNING * * *
You barely miss the hobgoblin. The hobgoblin hits you with a club!
* * * LOW HITPOINT WARNING * * *
Use which ability? (? or * to list)
Press: ? - help, Shift-Dir - straight line, f - hobgoblin
Aim: a hobgoblin, wielding a club The splash of poison hits the hobgoblin.
You kill the hobgoblin!
You feel slightly more hungry.
The killer bee zombie barely misses you.
You hit the killer bee zombie.
Space bends around the killer bee zombie.
The killer bee zombie hits you.
* * * LOW HITPOINT WARNING * * *
The killer bee zombie hits you.
* * * LOW HITPOINT WARNING * * *
You have got your breath back.
The killer bee zombie hits you!
You die...

#.# #.# #$#
#.# #.# #
#.# #.##.
#.#
#.....##@##
#.gZ))#
####.)#
#).#
#..#######
[.#
#.........
#.#
#.########
#.# #.# #.#
##.##


You could see a killer bee zombie and a hobgoblin.

Vanquished Creatures
  Jessica (D:2)
  Robin (D:3)
  An adder (D:2)
  3 gnolls (D:2)
  A worm (D:2)
  A giant gecko (D:1)
  5 orcs (D:3)
  5 bats
  8 hobgoblins
  5 kobolds
  A quokka (D:3)
  2 giant newts (D:1)
  14 goblins
  4 rats
52 creatures vanquished.

Vanquished Creatures (others)
  An orc (D:3)
1 creature vanquished.

Grand Total: 53 creatures vanquished

Notes
Turn   | Place    | Note
--------------------------------------------------------------
     0 | D:1      | talyn the Naga Ice Elementalist began the quest for the Orb.
     0 | D:1      | Reached XP level 1. HP: 15/15 MP: 3/3
   158 | D:1      | Found a snail-covered altar of Cheibriados.
   341 | D:1      | Reached XP level 2. HP: 22/22 MP: 5/5
   345 | D:1      | Learned a level 2 spell: Throw Frost
   724 | D:2      | Found an iron altar of Okawaru.
   724 | D:2      | Found a bloodstained altar of Trog.
   726 | D:2      | Found an ancient bone altar of Kikubaaqudgha.
   727 | D:2      | Became a worshipper of Warmaster Okawaru
   913 | D:2      | Reached XP level 3. HP: 28/28 MP: 4/6
   918 | D:2      | Learned a level 3 spell: Ozocubu's Armour
  1254 | D:2      | Noticed Jessica
  1258 | D:2      | Killed Jessica
  1258 | D:2      | Reached skill level 4 in Ice Magic
  1258 | D:2      | Reached XP level 4. HP: 27/36 MP: 5/8
  1459 | D:2      | Found a shattered altar of Ashenzari.
  1570 | D:2      | Reached skill level 1 in Charms
  1753 | D:3      | Noticed Robin
  1754 | D:3      | Reached XP level 5. HP: 42/42 MP: 7/9
  1765 | D:3      | Killed Robin
  1777 | D:3      | Slain by a killer bee zombie

Vault maps used:
D:1:      lemuel_arrival_river_ford, minivault_24, minmay_misc_feat_columns,
          minmay_liquid_box, minivault_27, minmay_misc_feat_diagonals,
          cheibriados_altar_1
D:2:      ashenzari_altar_1, nicolae_overflow_hidden_temple, uniq_jessica
D:3:      roderic_lattice_a, hangedman_decor_points, minmay_surrounded,
          uniq_robin

Action                   |  1- 3 |  4- 6 || total
-------------------------+-------+-------++-------
Melee: Whip              |     2 |    10 ||    12
 Cast: Freeze            |    15 |    21 ||    36
 Abil: Spit Poison       |    23 |    17 ||    40
  Use: Scroll            |     4 |       ||     4
  Eat: Bread ration      |     1 |       ||     1
